 Dungeon Sprint DCSS version 0.26-a0-1033-gd598b01645 (webtiles) character file.

Game seed: 10007167607437729727

47819 mhtbhm the Bludgeoner (level 14, -3/161 HPs)
             Began as a Troll Fighter on Dec 10, 2020.
             Was an Initiate of Gozag.
             Slain by a spark wasp (4 damage)
             ... in the Dungeon (Sprint IX: "|||||||||||||||||||||||||||||").
             The game lasted 00:14:20 (5788 turns).

mhtbhm the Bludgeoner (Troll Fighter)               Turns: 5788, Time: 00:14:20

Health: -3/161     AC: 13    Str: 38    XL:     14   Next: 10%
Magic:  13/13      EV: 16    Int:  4    God:    Gozag
Gold:   9938       SH: 24    Dex:  9    Spells: 13/13 levels left

rFire    . . .     SeeInvis .   a - +2 morningstar (vorpal)
rCold    . . .     Faith    .   c - +1 tower shield
rNeg     . . .     Spirit   .   b - +3 robe "Safoan Zanu" {rC- Will+ Str+7}
rPois    .         Reflect  .   i - +2 hat
rElec    .         Harm     .   p - scarf {repulsion}
rCorr    .         Rampage  .   (gloves unavailable)
Will     ++...     NoTele   +   (boots unavailable)
Stlth    ++........             (no amulet)
HPRegen  0.76/turn              y - ring of protection from cold
MPRegen  0.13/turn              q - +2 ring of protection

@: lethally poisoned (-3 -> -3), gold aura, repel missiles
A: large, unfitting armour, claws 3, regeneration 1, shaggy fur 1, tough skin 3
a: Potion Petition, Call Merchant, Bribe Branch, Renounce Religion


You were in the Dungeon.
You worshipped Gozag.
Gozag was greatly pleased with you.
You visited 1 branch You collected 12236 gold pieces.
You spent 640 gold pieces at shops.
You paid 1658 gold pieces to Gozag.

Inventory:

Hand Weapons
 a - a +2 vorpal morningstar (weapon)
Missiles
 f - 3 large rocks (quivered)
 k - 15 silver javelins
 s - 8 javelins
Armour
 b - the +3 robe "Safoan Zanu" (worn) {rC- Will+ Str+7}
   (You bought it in a shop in the Dungeon)

   It affects your strength (+7).
   It makes you vulnerable to cold.
   It affects your willpower, your defense against some magical effects.
 c - a +1 tower shield (worn)
 i - a +2 hat (worn)
 o - +1 fire dragon scales
 p - a scarf of repulsion (worn)
Jewellery
 q - a +2 ring of protection (right claw)
 y - a ring of protection from cold (left claw)
 z - an uncursed ring of protection from fire
Wands
 n - a wand of paralysis (9)
Scrolls
 j - a scroll of blinking
 l - 2 scrolls of remove curse
 m - 2 scrolls of amnesia
 u - a scroll of identify
 v - 2 scrolls of fear
 w - 6 scrolls of enchant weapon
 x - 2 scrolls of enchant armour
 A - a scroll of fog
Potions
 d - 2 potions of might
 e - 4 potions of curing
 g - 6 potions of haste
 h - 4 potions of magic
 r - 2 potions of brilliance
 t - a potion of mutation


   Skills:
 + Level 15.7 Fighting
 + Level 18.1 Maces & Flails
 + Level 9.1 Throwing
 + Level 0.9 Armour
 + Level 14.7 Dodging
 - Level 1.6 Stealth
 + Level 16.4 Shields
 - Level 1.6 Evocations


You had 13 spell levels left.
You didn't know any spells.
Your spell library was empty.

Dungeon Overview and Level Annotations

Branches:
Dungeon (1/1)

Altars:
Cheibriados
Dithmenos
Elyvilon
Fedhas
Gozag
Hepliaklqana
Kikubaaqudgha
Makhleb
Nemelex Xobeh
Okawaru
Qazlal
Ru
Sif Muna
Trog
Uskayaw
Vehumet
Wu Jian
Xom
Yredelemnul
Zin
The Shining One
Beogh
Jiyva
Lugonu

Shops:
D [((:=[


Innate Abilities, Weirdness & Mutations

You are too large for most types of armour.
You have claws for hands.
Your natural rate of healing is unusually fast.
You are covered in fur. (AC +1)
You have extremely tough skin. (AC +3)


Message History

The spark wasp is moderately wounded.
You block the spark wasp's attack.
You closely miss the spark wasp.
The spark wasp is moderately wounded.
The spark wasp misses you.
You closely miss the spark wasp.
The spark wasp is moderately wounded.
The spark wasp stings you!! The spark wasp shocks you!
* * * LOW HITPOINT WARNING * * *
You puncture the spark wasp!
The spark wasp is heavily wounded.
You feel sick. The spark wasp stings you!!
* * * LOW HITPOINT WARNING * * *
The spark wasp shocks you!
* * * LOW HITPOINT WARNING * * *
You closely miss the spark wasp.
The spark wasp is heavily wounded.
The spark wasp stings you.
You die...
Your body crumbles into a pile of gold.

.......')..))......)'[).))∩)∩.∩.∩
▓▓▓▓▓▓▓▓▓▓▓▓▓▓▓▓▓▓▓▓▓▓▓▓▓▓▓▓▓▓▓▓▓
.........[.......................
▓▓▓▓▓▓▓▓▓▓▓▓▓▓▓▓▓▓▓▓▓▓▓▓▓▓▓▓▓▓▓▓▓
))).[[[[[[[[..........'[..).)....
▓▓▓▓▓▓▓▓▓▓▓▓▓▓▓▓▓▓▓▓▓▓▓▓▓▓▓▓▓▓▓▓▓
.................................
♣♣♣♣♣▓▓▓▓▓▓▓▓▓▓▓▓▓▓▓▓▓▓▓▓▓▓▓▓▓▓▓▓
...)('.(((.....'@ys$(...$'$y..s..
♣♣♣♣♣▓▓▓▓▓▓▓▓▓▓▓▓▓▓▓▓▓▓▓▓▓▓▓▓▓▓▓▓


You could see a spark wasp and an orb spider.

Vanquished Creatures
  A lich (D)
  Gastronok (D)
  A thorn hunter (D)
  An emperor scorpion (D)
  2 stone giants (D)
  A very ugly thing (D)
  A vampire knight (D)
  A spark wasp (D)
  A bunyip (D)
  An eleionoma (D)
  Josephine (D)
  A merfolk javelineer (D)
  3 merfolk impalers (D)
  Harold (D)
  Erolcha (D)
  A rakshasa (D)
  3 hydras (D)
  2 two-headed ogres (D)
  2 merfolk avatars (D)
  An alligator snapping turtle (D)
  A satyr (D)
  An ogre mage (D)
  Erica (D)
  A deep troll shaman (D)
  6 orc high priests (D)
  A naga sharpshooter (D)
  A goliath frog (D)
  A wizard (D)
  A swamp dragon (D)
  A bog body (D)
  5 orc knights (D)
  A harpy (D)
  An orb spider (D)
  A mana viper (D)
  3 orc sorcerers (D)
  2 cyclopes (D)
  A wolf spider (D)
  A guardian serpent (D)
  A naga mage (D)
  Maurice (D)
  4 black mambas (D)
  6 cane toads (D)
  A demonic crawler (D)
  3 komodo dragons (D)
  A meliai (shapeshifter) (D)
  A tyrant leech (D)
  A jumping spider (D)
  A dream sheep (D)
  A redback (D)
  5 wraiths (D)
  2 wyverns (D)
  2 yaks (D)
  2 wargs (D)
  A naga (D)
  2 hell hounds (D)
  A water moccasin (D)
  A soldier ant (D)
  7 orc warriors (D)
  An ice beast (D)
  A black bear (D)
  A phantom (D)
  A boggart (D)
  4 wolves (D)
  A centaur (D)
  A big kobold (D)
  2 bullfrogs (D)
  A jelly (D)
  A hound (D)
  6 orc priests (D)
  A worker ant (D)
  A white imp (D)
  2 ufetubi (D)
  An ooze (D)
  12 orcs (D)
  A bat (D)
  A bat zombie (D)
  A jackal (D)
  A kobold (D)
  A leopard gecko skeleton (D)
  A quokka zombie (D)
  A rat (D)
  A briar patch (D)
146 creatures vanquished.

Vanquished Creatures (others)
  A sky beast (D)
  2 briar patches (D)
3 creatures vanquished.

Grand Total: 149 creatures vanquished

Notes
Turn   | Place    | Note
-------+----------+-------------------------------------------
     0 | D        | mhtbhm the Troll Fighter began the quest for the Orb.
     0 | D        | Reached XP level 1. HP: 22/22 MP: 0/0
    15 | D        | Reached skill level 2 in Maces & Flails
    19 | D        | Reached XP level 2. HP: 30/31 MP: 1/1
   130 | D        | Noticed a centaur
   156 | D        | Reached skill level 3 in Maces & Flails
   156 | D        | Reached XP level 3. HP: 16/37 MP: 2/2
   164 | D        | Killed a centaur
   165 | D        | Reached skill level 5 in Maces & Flails
   165 | D        | Reached XP level 4. HP: 12/48 MP: 3/3
   233 | D        | Found a roughly hewn altar of Beogh.
   233 | D        | Found a snail-covered altar of Cheibriados.
   233 | D        | Found a shadowy altar of Dithmenos.
   233 | D        | Found a white marble altar of Elyvilon.
   233 | D        | Found a blossoming altar of Fedhas.
   233 | D        | Found an opulent altar of Gozag.
   234 | D        | Found a hazy altar of Hepliaklqana.
   235 | D        | Found a viscous altar of Jiyva.
   236 | D        | Found an ancient bone altar of Kikubaaqudgha.
   237 | D        | Found a corrupted altar of Lugonu.
   238 | D        | Found a burning altar of Makhleb.
   239 | D        | Found a sparkling altar of Nemelex Xobeh.
   240 | D        | Found an iron altar of Okawaru.
   241 | D        | Found a stormy altar of Qazlal.
   245 | D        | Became a worshipper of Gozag Ym Sagoz the Greedy
   247 | D        | Found a sacrificial altar of Ru.
   248 | D        | Found a shimmering blue altar of Sif Muna.
   249 | D        | Found a bloodstained altar of Trog.
   250 | D        | Found a hide-covered altar of Uskayaw.
   251 | D        | Found a radiant altar of Vehumet.
   252 | D        | Found an ornate altar of the Wu Jian Council.
   253 | D        | Found a shimmering altar of Xom.
   254 | D        | Found a basalt altar of Yredelemnul.
   255 | D        | Found a glowing silver altar of Zin.
   256 | D        | Found a glowing golden altar of the Shining One.
   303 | D        | Noticed a sky beast
   303 | D        | Noticed a soldier ant
   303 | D        | Noticed a phantom
   303 | D        | Noticed a big kobold
   303 | D        | Noticed a two-headed ogre
   310 | D        | Killed a sky beast
   311 | D        | Reached skill level 6 in Maces & Flails
   311 | D        | Reached skill level 5 in Shields
   311 | D        | Reached XP level 5. HP: 39/54 MP: 4/4
   331 | D        | Killed a soldier ant
   332 | D        | Reached skill level 7 in Maces & Flails
   332 | D        | Reached skill level 5 in Dodging
   332 | D        | Reached XP level 6. HP: 48/63 MP: 5/5
   336 | D        | Reached skill level 8 in Maces & Flails
   342 | D        | Killed a two-headed ogre
   343 | D        | Reached skill level 5 in Fighting
   343 | D        | Reached skill level 11 in Maces & Flails
   343 | D        | Reached skill level 1 in Stealth
   343 | D        | Reached skill level 1 in Evocations
   343 | D        | Reached XP level 7. HP: 59/74 MP: 6/6
   343 | D        | Reached XP level 8. HP: 66/83 MP: 7/7
   373 | D        | Noticed a cyclops
   384 | D        | Killed a cyclops
   386 | D        | Reached skill level 12 in Maces & Flails
   549 | D        | Noticed a seven-headed hydra
   549 | D        | Noticed a cane toad
   549 | D        | Noticed a cane toad
   549 | D        | Noticed a komodo dragon
   549 | D        | Noticed a komodo dragon
   555 | D        | Killed a seven-headed hydra
   556 | D        | Reached skill level 13 in Maces & Flails
   556 | D        | Reached XP level 9. HP: 90/92 MP: 8/8
   557 | D        | Killed a cane toad
   560 | D        | Killed a cane toad
   566 | D        | Killed a komodo dragon
   567 | D        | Noticed a cane toad
   572 | D        | Killed a komodo dragon
   573 | D        | Reached skill level 14 in Maces & Flails
   680 | D        | Killed a cane toad
   681 | D        | Reached XP level 10. HP: 104/104 MP: 9/9
   701 | D        | Noticed a cane toad
   701 | D        | Noticed a cane toad
   706 | D        | Killed a cane toad
   713 | D        | Noticed a cane toad
   733 | D        | Killed a cane toad
   934 | D        | Reached skill level 15 in Maces & Flails
   938 | D        | Killed a cane toad
   939 | D        | Reached skill level 10 in Shields
  1167 | D        | Noticed Erica
  1181 | D        | Killed Erica
  1199 | D        | Noticed Gastronok
  1203 | D        | Noticed Josephine
  1214 | D        | Killed Gastronok
  1215 | D        | Reached skill level 10 in Fighting
  1215 | D        | Reached skill level 16 in Maces & Flails
  1215 | D        | Reached XP level 11. HP: 38/117 MP: 10/10
  1346 | D        | Killed Josephine
  1569 | D        | Reached skill level 10 in Dodging
  1656 | D        | Noticed an orc knight
  1672 | D        | Killed an orc knight
  1944 | D        | Noticed an orc knight
  1944 | D        | Noticed an orc knight
  1946 | D        | Noticed a stone giant
  1954 | D        | Killed an orc knight
  1957 | D        | Noticed an orc sorcerer
  2077 | D        | Killed a stone giant
  2078 | D        | Reached skill level 1 in Throwing
  2207 | D        | Killed an orc knight
  2351 | D        | Killed an orc sorcerer
  2400 | D        | Noticed an orc high priest
  2413 | D        | Killed an orc high priest
  2458 | D        | Found Mady's Antique Weapon Emporium.
  2458 | D        | Noticed an orc knight
  2458 | D        | Noticed an orc sorcerer
  2458 | D        | Noticed an orc high priest
  2462 | D        | Killed an orc knight
  2462 | D        | Paralysed by an orc sorcerer for 7 turns
  2471 | D        | Killed an orc sorcerer
  2476 | D        | Killed an orc high priest
  2477 | D        | Reached XP level 12. HP: 46/132 MP: 11/11
  2802 | D        | Found Sepleki's Book Shoppe.
  2807 | D        | Found Tecwuy's Jewellery Emporium.
  2807 | D        | Noticed an orc high priest
  2809 | D        | Noticed an orc high priest
  2828 | D        | Killed an orc high priest
  2835 | D        | Killed an orc high priest
  3097 | D        | Found Vuax's Armour Shoppe.
  3102 | D        | Noticed an orc high priest
  3104 | D        | Noticed an orc high priest
  3111 | D        | Killed an orc high priest
  3132 | D        | Killed an orc high priest
  3259 | D        | Noticed Maurice
  3266 | D        | Killed Maurice
  3283 | D        | Noticed Harold
  3294 | D        | Killed Harold
  3403 | D        | Bought a glowing scarf for 264 gold pieces
  3420 | D        | Bought a shimmering robe for 188 gold pieces
  3425 | D        | Identified the cursed +0 robe of Sunlight {rPois} (You
                  | bought it in a shop in the Dungeon)
  3432 | D        | Bought a fine robe for 188 gold pieces
  3437 | D        | Identified the +3 robe "Safoan Zanu" {rC- Will+ Str+7} (You
                  | bought it in a shop in the Dungeon)
  3492 | D        | Noticed an ogre mage
  3495 | D        | Noticed a two-headed ogre
  3499 | D        | Killed an ogre mage
  3502 | D        | Noticed a lich
  3503 | D        | Noticed a deep troll shaman
  3507 | D        | Reached skill level 5 in Throwing
  3508 | D        | Noticed a rakshasa
  3513 | D        | Noticed a vampire knight
  3521 | D        | Killed a lich
  3523 | D        | Noticed a stone giant
  3526 | D        | Killed a two-headed ogre
  3532 | D        | Killed a deep troll shaman
  3535 | D        | Killed a rakshasa
  3537 | D        | Noticed a purple very ugly thing
  3791 | D        | Killed a vampire knight
  3792 | D        | Reached XP level 13. HP: 90/146 MP: 12/12
  3796 | D        | Killed a stone giant
  4146 | D        | Killed a purple very ugly thing
  4294 | D        | Noticed Erolcha
  4304 | D        | Killed Erolcha
  4305 | D        | Reached skill level 17 in Maces & Flails
  4340 | D        | Noticed an eleionoma
  4340 | D        | Noticed a bunyip
  4349 | D        | Killed an eleionoma
  4350 | D        | Noticed a thorn hunter
  4360 | D        | Killed a bunyip
  4626 | D        | Killed a thorn hunter
  4700 | D        | Reached skill level 15 in Fighting
  4838 | D        | Reached skill level 15 in Shields
  5063 | D        | Noticed a merfolk impaler
  5063 | D        | Noticed a merfolk impaler
  5063 | D        | Noticed a merfolk impaler
  5081 | D        | Killed a merfolk impaler
  5084 | D        | Noticed a merfolk javelineer
  5093 | D        | HP: 6/150 [merfolk impaler/+0 trident (19)]
  5096 | D        | Killed a merfolk impaler
  5107 | D        | Killed a merfolk impaler
  5460 | D        | Killed a merfolk javelineer
  5461 | D        | Reached skill level 18 in Maces & Flails
  5714 | D        | Noticed an emperor scorpion
  5714 | D        | Noticed a spark wasp
  5719 | D        | Noticed a spark wasp
  5739 | D        | Killed an emperor scorpion
  5740 | D        | Reached XP level 14. HP: 156/161 MP: 13/13
  5787 | D        | HP: 1/161 [spark wasp (15)]
  5788 | D        | Slain by a spark wasp

Illustrated notes

Levels and vault maps discovered:
D:        linesprint [early_d, line_temple, items_1, d_10, items_2, lair_1,
          lair_end, items_3, orc_1, orc_end, items_4, d_15, swamp_1, shoals_1,
          snake_1, spider_1, d_20, vaults_1, items_5, swamp_end, shoals_end,
          snake_end, spider_end, vaults_end, d_27, items_6, zot_1, zot_end,
          crypt_end, forest_end, elf_end, slime_end, tomb_end, abyss_end,
          pan_hell_end]

Skill      XL: |  1  2  3  4  5  6  7  8  9 10 11 12 13 14 |
---------------+-------------------------------------------+-----
Maces & Flails | 2 3 5 6 7 11 13 14 16 18 | 18.1
Dodging        | 3 4 5 6 7 8 9 11 13 14 | 14.7
Shields        | 3 4 5 7 8 9 10 12 13 16 | 16.4
Fighting       | 3 4 5 6 7 10 12 14 15 | 15.7
Stealth        | 1 |  1.6
Evocations     | 1 |  1.6
Throwing       | 2 7 8 9 |  9.1
Armour         | |  0.9

Action                   |  1- 3 |  4- 6 |  7- 9 | 10-12 | 13-15 || total
-------------------------+-------+-------+-------+-------+-------++-------
Melee: Flail             |    52 |       |       |       |       ||    52
       Morningstar       |       |    30 |    49 |   363 |   244 ||   686
Throw: Large rock        |       |       |       |    14 |    18 ||    32
       Javelin           |       |       |       |    14 |     1 ||    15
       Throwing net      |       |       |       |     1 |       ||     1
Invok: Call Merchant     |       |       |       |     2 |       ||     2
       Potion Petition   |       |       |       |     1 |     1 ||     2
Evoke: Wand              |       |     3 |     1 |     6 |       ||    10
  Use: Potion            |       |     1 |     2 |     4 |     2 ||     9
       Scroll            |       |       |       |     4 |       ||     4
 Stab: Distracted        |       |     1 |     1 |     1 |     2 ||     5
       Invisible         |       |       |       |       |     2 ||     2
Armor: Robe              |    22 |    11 |     6 |    25 |    23 ||    87
Dodge: Dodged            |    29 |    10 |    12 |    73 |    72 ||   196
       Repelled          |       |       |       |       |     3 ||     3
Block: Kite shield       |    33 |    13 |    21 |    98 |       ||   165
       Tower shield      |       |       |       |    26 |   221 ||   247

Table legend: (Time is in decaauts)
 A = Elapsed time spent in this place.
 B = Non-inter-level travel time spent in this place.
 C = Inter-level travel time spent in this place.
 D = Time resting spent in this place.
 E = Time spent auto-exploring this place.
 F = Levels seen in this place.
 G = Mean time per level.
                   A        B        C        D        E       F      G
               +--------+--------+--------+--------+--------+-----+--------+
         Total |   5661 |   5661 |      0 |   2540 |    562 |   1 | 5661.0 |
       Dungeon |   5661 |   5661 |      0 |   2540 |    562 |   1 | 5661.0 |
               +--------+--------+--------+--------+--------+-----+--------+

Top non-repeatable levels by time:
       D: 5661 daAuts
